 Dungeon Crawl Stone Soup version 0.31.0-11-ge490571c62 (webtiles) character file.

Game seed: 5415850056438477466

1507 qw the Nimble (level 8, -2/40 HPs)
             Began as a Spriggan Hunter on Feb 4, 2024.
             Was a Follower of Okawaru.
             Slain by an ice beast (13 damage)
             ... on level 6 of the Dungeon.
             The game lasted 00:00:30 (4950 turns).

qw the Nimble (Spriggan Hunter)                     Turns: 4950, Time: 00:00:31

Health: -2/40      AC:  2    Str:  7    XL:     8   Next: 52%
Magic:  11/11      EV: 27    Int: 11    God:    Okawaru [*.....]
Gold:   279        SH:  0    Dex: 26    Spells: 7/7 levels left

rFire   . . .        a - +0 shortbow (heavy)
rCold   . . .        (shield currently unavailable)
rNeg    . . .        c - +0 robe
rPois   +            (helmet restricted)
rElec   .            (no cloak)
rCorr   .            (gloves unavailable)
SInv    +            (boots unavailable)
Will    +....        h - amulet of faith
Stlth   ++           b - ring of poison resistance
HPRegen 0.26/turn    k - +6 ring of dexterity
MPRegen 0.12/turn

%: faith
@: very quick
A: very small, no large weapons, unfitting armour, see invisible, speed 3
a: Renounce Religion, Heroism


You were on level 6 of the Dungeon.
You worshipped Okawaru.
Okawaru was aware of your devotion.
You visited 2 branches of the dungeon, and saw 7 of its levels.

You collected 339 gold pieces.
You spent 60 gold pieces at shops.


Innate Abilities, Weirdness & Mutations

You are very small and have problems with some larger weapons.
You are too small for most types of armour.
You have supernaturally acute eyesight. (SInv)
You cover ground extremely quickly. (Speed+++)


   Skills:
 - Level 3.0 Fighting
 + Level 8.0 Ranged Weapons
 - Level 9.2 Dodging
 - Level 1.5 Stealth
 + Level 2.8 Invocations


You had 7 spell levels left.
You didn't know any spells.
Your spell library was empty.

Inventory:

Hand Weapons
 a - a +0 heavy shortbow (weapon)
Armour
 c - a +0 robe (worn)
 p - the +1 hat of the Pits of Slime {Harm rF+ Int-4 SInv}
   (You acquired it on level 5 of the Dungeon)

   Int-4:     It affects your intelligence (-4).
   rF+:       It protects you from fire.
   SInv:      It lets you see invisible.
   Harm:      It increases damage dealt and taken.
Jewellery
 b - a ring of poison resistance (left hand)
 e - a +4 ring of protection
 g - a ring of fire
 h - an amulet of faith (around neck)
 k - a +6 ring of dexterity (right hand)
 s - an amulet of regeneration
Scrolls
 f - 2 scrolls of identify
 j - 2 scrolls of teleportation
 l - a scroll of enchant armour
 q - 2 scrolls of brand weapon
Potions
 d - 5 potions of curing
 i - a potion of might
 m - 2 potions of heal wounds
 n - a potion of mutation
 o - 2 potions of enlightenment

Dungeon Overview and Level Annotations

Branches:
Dungeon (6/15)             Temple (1/1) D:5

Altars:
Ashenzari
Dithmenos
Elyvilon
Fedhas
Hepliaklqana
Makhleb
Nemelex Xobeh
Okawaru
Qazlal
Ru
Sif Muna
Trog
Wu Jian
Xom

Shops:
D:2 *

Annotations:
D:2 1 runed translucent door, Crazy Yiuf
D:4 3 runed translucent doors, qw's ghost, amateur SpHu; qw's ghost, novice DjHu


Message History

Enter note:
Enter note:
Enter note:
Enter note:
4941 ||| RETREEEEATING.
Enter note:
Enter note:
4942 ||| RETREEEEATING.
Enter note:
Enter note:
4943 ||| RETREEEEATING.
An orc comes into view. It is wielding a +0 dagger.
The orc shouts!
You hear a shout!
You shoot an arrow. The arrow hits the orc!!
You kill the orc!
Okawaru accepts your kill.
You shoot an arrow. The arrow closely misses the ice beast.
The gnoll completely misses you.
You shoot an arrow. The arrow hits the gnoll.
The gnoll is lightly wounded.
The gnoll completely misses you.
You shoot an arrow. The arrow hits the gnoll.
The gnoll is severely wounded.
The gnoll hits you from afar with a +0 spear.
The gnoll completely misses you.
You shoot an arrow. The arrow hits the gnoll!
You kill the gnoll!
Okawaru accepts your kill.
An orc comes into view. It is wielding a +0 club.
The gnoll misses you.
You shoot an arrow. The arrow hits the ice beast!
The ice beast is moderately wounded.
The gnoll completely misses you.
You shoot an arrow. The arrow hits the ice beast!
The ice beast is heavily wounded.
The gnoll completely misses you. The ice beast hits you.
The ice beast freezes you!
The gnoll hits you from afar with a +0 halberd.
The ice beast hits you. The ice beast freezes you!
You die...

.....###...>###.........
........................
.....###..##...#........
....)###..####.#........
#.#..)....# #.......)..
#.........######........
#..>.........###........
#.#.......#......o.#####
..###........###@#....#
.#..)..)..#.####Y.....##
.#.####.#......g........
........................
...###<.#.........#.....
.### ..................
... ..#........#.....
..... #..))##########..
..#.#. ..))) ##


You could see an ice beast, a gnoll and an orc.

Vanquished Creatures
  A hornet (D:5)
  Sigmund (D:3)
  An orc warrior (D:6)
  2 phantoms
  3 wights (D:6)
  A bombardier beetle (D:3)
  2 hounds (D:5)
  An orc priest (D:4)
  Jessica (D:2)
  4 iguanas
  5 orc wizards
  5 adders
  18 gnolls
  3 dart slugs
  A ribbon worm (D:3)
  24 orcs
  3 endoplasms
  2 giant cockroaches
  17 hobgoblins
  4 jackals (D:1)
  9 kobolds
  3 quokkas
  7 ball pythons
  A bat (D:3)
  A frilled lizard (D:1)
  15 goblins
  12 rats
147 creatures vanquished.

Notes
Turn   | Place    | Note
-------+----------+-------------------------------------------
     0 | D:1      | qw the Spriggan Hunter began the quest for the Orb.
     0 | D:1      | Reached XP level 1. HP: 10/10 MP: 2/2
     0 | D:1      | 0 ||| qw: Version: 0.3-a-160-g6735b56
     0 | D:1      | 0 ||| qw: Game counter: 5462
     0 | D:1      | 0 ||| qw: Melee chars always use a shield: true
     0 | D:1      | 0 ||| qw: God list: Okawaru
     0 | D:1      | 0 ||| qw: Allow faded altars: false
     0 | D:1      | 0 ||| qw: Do Orc after clearing Dungeon:15 true
     0 | D:1      | 0 ||| qw: Do second Lair branch before Depths: true
     0 | D:1      | 0 ||| qw: Lair rune preference: random
     0 | D:1      | 0 ||| qw: Goals: Normal
     0 | D:1      | 0 ||| PLANNING D:1-11
    47 | D:1      | Reached skill level 3 in Dodging
   122 | D:1      | Reached XP level 2. HP: 14/14 MP: 3/3
   132 | D:1      | Reached skill level 4 in Dodging
   305 | D:1      | Reached XP level 3. HP: 18/18 MP: 4/4
   444 | D:1      | 444 ||| UPGRADING to amulet of faith.
   468 | D:1      | 468 ||| READING scroll labelled OPLUENO EWUEHU.
   468 | D:1      | 468 ||| IDENTIFYING murky ruby potion
   475 | D:1      | 475 ||| DRINKING 4 coppery potions.
   476 | D:1      | 476 ||| DROPPING scroll of butterflies.
   529 | D:2      | Identified the +0 falchion "Houtsol" {freeze, rPois rF+
                  | rC+++ Stlth-}
   644 | D:2      | Found Nimonec's General Store.
   659 | D:2      | 659 ||| BUYING potion of curing (30 gold).
   659 | D:2      | Bought a potion of curing for 30 gold pieces
   659 | D:2      | 659 ||| BUYING scroll of teleportation (30 gold).
   659 | D:2      | Bought a scroll of teleportation for 30 gold pieces
   746 | D:2      | Found a broken altar of Ashenzari.
   882 | D:2      | Found a runed translucent door.
   883 | D:2      | Noticed Crazy Yiuf
   997 | D:2      | Noticed Jessica
  1002 | D:2      | Killed Jessica
  1003 | D:2      | Reached XP level 4. HP: 22/22 MP: 5/5
  1314 | D:2      | 1314 ||| UPGRADING to ring of poison resistance.
  1315 | D:2      | 1315 ||| READING scroll of identify.
  1315 | D:2      | 1315 ||| IDENTIFYING lumpy black potion
  1316 | D:2      | 1316 ||| READING scroll labelled ELOCUGG CUIZUD.
  1371 | D:3      | Noticed Sigmund
  1379 | D:3      | Killed Sigmund
  1380 | D:3      | Reached skill level 7 in Dodging
  1380 | D:3      | Reached XP level 5. HP: 18/25 MP: 6/6
  1451 | D:3      | Reached XP level 6. HP: 30/30 MP: 7/7
  1726 | D:3      | Identified the +0 hand axe of Reapportionment {venom,
                  | ^Fragile Str+4 Dex+5}
  1743 | D:3      | Found a blossoming altar of Fedhas.
  1812 | D:3      | 1812 ||| DRINKING 5 potions of curing.
  1812 | D:3      | 1812 ||| (to cure confusion)
  2057 | D:3      | Found a shadowy altar of Dithmenos.
  2327 | D:3      | Reached skill level 6 in Ranged Weapons
  2494 | D:3      | 2494 ||| UPGRADING to +6 ring of dexterity.
  2495 | D:3      | 2495 ||| READING 2 scrolls of identify.
  2495 | D:3      | 2495 ||| IDENTIFYING metallic blue potion
  2496 | D:3      | 2496 ||| READING scroll of identify.
  2496 | D:3      | 2496 ||| IDENTIFYING 2 puce potions
  2497 | D:3      | 2497 ||| READING 2 scrolls labelled VOIZAIHEWA.
  2498 | D:3      | 2498 ||| READING 2 scrolls labelled BEEREO TATS.
  2499 | D:3      | 2499 ||| READING scroll labelled ANENLO MOEXT.
  2500 | D:3      | 2500 ||| READING 3 scrolls labelled DEGUYH CEXU.
  2500 | D:3      | 2500 ||| BRANDING +0 shortbow.
  2501 | D:3      | 2501 ||| DROPPING scroll of immolation.
  2502 | D:3      | 2502 ||| DROPPING scroll of revelation.
  2577 | D:4      | HP: 7/30 [orc wizard/magic dart (7)]
  2578 | D:4      | 2578 ||| READING 3 scrolls of teleportation.
  2578 | D:4      | HP: 1/30 [orc/+0 club (5)]
  2579 | D:4      | 2579 ||| DRINKING 2 potions of heal wounds.
  2728 | D:4      | Reached XP level 7. HP: 35/35 MP: 8/8
  2928 | D:4      | Found a runed translucent gate.
  2929 | D:4      | Found a runed translucent gate.
  2930 | D:4      | Found a runed translucent gate.
  2940 | D:4      | Noticed qw's ghost (amateur SpHu)
  2940 | D:4      | Noticed qw's ghost (novice DjHu)
  3194 | D:4      | HP: 1/35 [orc priest/divine providence (12)]
  3195 | D:4      | 3195 ||| READING 2 scrolls of teleportation.
  3196 | D:4      | 3196 ||| DRINKING potion of heal wounds.
  3456 | D:4      | 3456 ||| READING 2 scrolls of identify.
  3456 | D:4      | 3456 ||| IDENTIFYING scroll labelled XUPTUS ZOZAIN
  3457 | D:4      | 3457 ||| READING scroll of identify.
  3457 | D:4      | 3457 ||| IDENTIFYING scroll labelled MULUTIHAMO
  3458 | D:4      | 3458 ||| DROPPING scroll of vulnerability.
  3464 | D:5      | Entered Level 5 of the Dungeon
  3490 | D:5      | Found a staircase to the Ecumenical Temple.
  3491 | D:5      | 3491 ||| PLANNING TEMPLE
  3500 | Temple   | Entered the Ecumenical Temple
  3501 | Temple   | 3501 ||| PLANNING OKAWARU WORSHIP
  3575 | Temple   | Became a worshipper of Warmaster Okawaru
  3576 | Temple   | 3576 ||| PLANNING D:1-11
  3749 | D:5      | Found a shimmering blue altar of Sif Muna.
  3786 | D:5      | Reached skill level 8 in Dodging
  3900 | D:5      | Noticed a hornet
  3901 | D:5      | 3901 ||| DRINKING potion of haste.
  3909 | D:5      | Killed a hornet
  3910 | D:5      | Reached skill level 9 in Dodging
  4236 | D:5      | Reached XP level 8. HP: 39/39 MP: 9/9
  4375 | D:5      | Found a sparkling altar of Nemelex Xobeh.
  4525 | D:5      | Found a bloodstained altar of Trog.
  4720 | D:5      | 4720 ||| DROPPING ring of ice.
  4721 | D:5      | 4721 ||| READING 4 scrolls of identify.
  4721 | D:5      | 4721 ||| IDENTIFYING sedimented dark potion
  4722 | D:5      | 4722 ||| READING 3 scrolls of identify.
  4722 | D:5      | 4722 ||| IDENTIFYING scroll labelled IWOEPP JOOL
  4722 | D:5      | Identified a scroll of acquirement
  4723 | D:5      | 4723 ||| READING scroll of acquirement.
  4723 | D:5      | 4723 ||| ACQUIRING +1 hat of the Pits of Slime {Harm rF+
                  | Int-4 SInv}
  4723 | D:5      | Acquired the +1 hat of the Pits of Slime {Harm rF+ Int-4
                  | SInv}
  4771 | D:6      | Reached * piety under Okawaru
  4787 | D:6      | Found a hazy altar of Hepliaklqana.
  4837 | D:6      | 4837 ||| RETREEEEATING.
  4838 | D:6      | 4838 ||| RETREEEEATING.
  4839 | D:6      | 4839 ||| RETREEEEATING.
  4842 | D:6      | Reached skill level 1 in Invocations
  4843 | D:6      | 4843 ||| RETREEEEATING.
  4936 | D:6      | Reached skill level 3 in Fighting
  4941 | D:6      | 4941 ||| RETREEEEATING.
  4942 | D:6      | 4942 ||| RETREEEEATING.
  4943 | D:6      | 4943 ||| RETREEEEATING.
  4950 | D:6      | Slain by an ice beast

Levels and vault maps discovered:
D:1:      lightli_molten_gateway, layout_rooms, chequers_avenue
D:2:      layout_loops_ring, basic_altar, serial_shops, shop_fountains,
          corner_web_ring, uniq_jessica, uniq_crazy_yiuf_cottage
D:3:      layout_loops_corners, lemuel_doored_altar,
          nicolae_dithmenos_the_darkroom, nicolae_underground_beach,
          uniq_sigmund
D:4:      layout_basic, gammafunk_ghost_cemetery
D:5:      corexii_shantytown, layout_basic,
          mainiacjoe_overflow_concentric_impassable,
          mainiacjoe_overflow_tiny_flanked, lightli_temple_of_fire,
          minmay_temple_entry_drinking_statues
D:6:      layout_rooms, grunt_temple_overflow_holy_war, lemuel_crystal_altar
Temple:   pf_temple_reverse_labyrinth

Skill      XL: |  1  2  3  4  5  6  7  8 |
---------------+-------------------------+-----
Dodging        | 3 4 7 9 |  9.2
Ranged Weapons | 5 6 7 8 |  8.0
Fighting       | 2 3 |  3.0
Invocations    | 2 |  2.8
Stealth        | |  1.5

Action                     |  1- 3 |  4- 6 |  7- 9 || total
---------------------------+-------+-------+-------++-------
   Fire: Shortbow          |   103 |   113 |   183 ||   399
    Use: Scroll            |     1 |     9 |     6 ||    16
         Potion            |     1 |     2 |     2 ||     5
 Armour: Robe              |     5 |    18 |    27 ||    50
  Dodge: Dodged            |    19 |    37 |   144 ||   200

Table legend:
 A = Non-vault XP
 B = Vault XP
 C = Vault XP percentage of total XP
 D = Non-vault monster count
 E = Vault monster count
 F = Vault count percentage of total count
                 A         B        C        D         E       F
            +---------+---------+-------+---------+---------+-------
      Total |    1735 |     418 |  19.4 |     115 |      32 |  21.8
            +---------+---------+-------+---------+---------+-------
        D:1 |      46 |       0 |   0.0 |      29 |       0 |   0.0
        D:2 |      27 |      37 |  57.8 |      14 |       1 |   6.7
        D:3 |     223 |     243 |  52.1 |      28 |       1 |   3.4
        D:4 |     349 |       0 |   0.0 |      17 |       0 |   0.0
        D:5 |     536 |     138 |  20.5 |       8 |      30 |  78.9
        D:6 |     554 |       0 |   0.0 |      19 |       0 |   0.0
            +---------+---------+-------+---------+---------+-------
